[Event "Early-Titled-Tuesday-Blitz-January-30-2024"]
[Site "Chess.com"]
[Date "2024.01.30"]
[Round "1"]
[White "emeli_chess"]
[Black "Bauman_Guy"]
[Result "0-1"]
[WhiteElo "2490"]
[BlackElo "2876"]
[TimeControl "180+1"]
[EndTime "8:06:18 PST"]
[Termination "Bauman_Guy won on time"]

1. d4 Nf6 2. c4 e6 3. Nc3 Bb4 4.
Qc2 O-O 5. e4 d5 6. e5 Ne4 7.
Bd3 c5 8. Nf3 cxd4 9. Nxd4 Nc6 10. Nxc6 bxc6 11. O-O Bxc3 12. bxc3 Ba6 13. Bxe4 dxe4 14.
Qxe4 Qa5 15. Bg5 Qa4 16. Be7 Rfe8 17. Bd6 Qxc4 18. Qxc4 Bxc4 19. Rfb1 a5 20. a4 g5 21.
Rb7 Kg7 22. Rab1 Bd5 23. f3 Rec8 24. Re7 c5 25. Kf2 h5 26. Rb6 Bc6 27. Ke3 Bxa4 28.
Rbb7 Be8 29. Ra7 a4 30. Bxc5 Rxa7 31. Bxa7 Rxc3+ 32. Kd2 Rc8 33. Bd4 Bc6 34. Ra7 Rd8 35. Ke3 Rb8 36. g3 Rb3+ 37. Ke2 Bxf3+ 38. Kd2 Bc6 39. h4 g4 40. Bc3 Kg6 41. Ra6 Bb5 42.
Ra5 a3 43. Kc2 Bc4 0-1

[Event "Early-Titled-Tuesday-Blitz-January-30-2024"]
[Site "Chess.com"]
[Date "2024.01.30"]
[Round "1"]
[White "stasOR4ik"]
[Black "DonkyDonkyDonkey"]
[Result "0-1"]
[WhiteElo "2405"]
[BlackElo "2741"]
[TimeControl "180+1"]
[EndTime "8:06:18 PST"]
[Termination "DonkyDonkyDonkey won by resignation"]

1. e4 e5 2. Nf3 d5 3. Nxe5 Bd6 4. d4 dxe4 5. Nc3 Bxe5 6. dxe5 Qxd1+ 7. Kxd1 Nc6 8. Nxe4 Bf5 9. Ng3 O-O-O+ 10. Bd2 Bg6 11. f4 Nge7 12. c3 h5 13. Be2 h4 14. Nf1 Be4 15. Rg1 Nf5 16. Ke1 Kb8 17. Rd1 Bc2 18. Rc1 Be4 19.
Ne3 f6 20. Nxf5 Bxf5 21. exf6 gxf6 22. Be3 Rde8 23. Kf2 Ne7 24. Bf3 Nc8 25. Bd4 Rhf8 26. Rge1 Rd8 27. Be4 Bxe4 28. Rxe4 Nd6 29. Re7 Nf5 30.
Re4 b6 31. Rce1 c5 32. Be3 Rg8 33. Re6 Nd6 34. Bc1 f5 35. Kf3 Ne4 36. Re5 Rgf8 37. g4 hxg3 38. hxg3 Rd3+ 39. Be3 Nd6 40. Re7 Rg8 41.
b4 c4 42. Re5 Rxc3 43. Kg2 Ne4 44. Rxf5 Rxg3+ 45. Kh2 Rcxe3 46. Rxe3 Rxe3 47. Rf7 c3 48. Rf8+ Kc7 49. Rf7+ Kd6 50. Rf8 c2 51. Rd8+ Ke7 52. Rc8 Rc3 0-1

[Event "Early-Titled-Tuesday-Blitz-January-30-2024"]
[Site "Chess.com"]
[Date "2024.01.30"]
[Round "1"]
[White "SaiAgni_98"]
[Black "Makswolf200817"]
[Result "0-1"]
[WhiteElo "2347"]
[BlackElo "2692"]
[TimeControl "180+1"]
[EndTime "8:06:18 PST"]
[Termination "Makswolf200817 won by checkmate"]

1. e4 c5 2. Nf3 d6 3. Bb5+ Nd7 4. c4 a6 5. Ba4 Nf6 6. d3 g6 7. Nc3 Bg7 8. O-O O-O 9. h3 Ne5 10. Be3 Nfd7 11. Bc2 e6 12. Nh2 Nc6 13. Qd2 Nd4 14.
Bd1 Rb8 15. Bh6 Bxh6 16. Qxh6 b5 17. b3 Ne5 18. Qe3 Nec6 19. f4 f6 20. Bg4 Nc2 21. Qg3 Nxa1 22. Rxa1 Nd4 23. h4 Kh8 24.
Re1 Qa5 25. Rc1 f5 26. Bd1 Bb7 27. Nf3 bxc4 28. dxc4 fxe4 29. Ng5 Nf5 30. Qh3 h6 31.
Nxe6 Rfe8 32. g4 Rxe6 33. gxf5 gxf5 34. Qxf5 Rg8+ 35. Kh2 Qd8 36. Qxe6 Qxh4+ 37. Qh3 Qf2+ 38. Kh1 Qg1# 0-1

[Event "Early-Titled-Tuesday-Blitz-January-30-2024"]
[Site "Chess.com"]
[Date "2024.01.30"]
[Round "1"]
[White "Ati1517"]
[Black "Karttunen"]
[Result "0-1"]
[WhiteElo "2245"]
[BlackElo "2605"]
[TimeControl "180+1"]
[EndTime "8:06:19 PST"]
[Termination "Karttunen won by resignation"]

1. e4 c5 2. Nf3 d6 3. d4 cxd4 4. Nxd4 Nf6 5. Nc3 a6 6. Bc4 e6 7. O-O b5 8. Bb3 Be7 9. Qf3 Qc7 10. Qg3 Rg8 11. Be3 g5 12. Rad1 Bd7 13. Rfe1 b4 14. Na4 Nxe4 15. Qf3 d5 16. c4 bxc3 17.
Nxc3 Nxc3 18. bxc3 Nc6 19. Nxc6 Bxc6 20. Bd4 g4 21. Qd3 Rg6 22. Be5 Qb7 23. Bd4 Kf8 24. Re5 Kg8 25. Bc2 Bb5 26. Qd2 f5 27. a4 Bg5 28. Qe1 Bd7 29. Rb1 Qc7 30. Bb6 Qd6 31.
Bd4 Bf4 32. Re2 Bxh2+ 33. Kh1 Rh6 34. Be3 Bg1+ 0-1

[Event "Early-Titled-Tuesday-Blitz-January-30-2024"]
[Site "Chess.com"]
[Date "2024.01.30"]
[Round "1"]
[White "diamonds13"]
[Black "Martial2008"]
[Result "0-1"]
[WhiteElo "2354"]
[BlackElo "2678"]
[TimeControl "180+1"]
[EndTime "8:06:20 PST"]
[Termination "Martial2008 won on time"]

1. d4 Nf6 2. c4 e6 3. Nc3 Bb4 4. e3 O-O 5. Bd2 d5 6. Nf3 b6 7. cxd5 exd5 8. Rc1 Bb7 9. Bd3 a6 10. Ne5 Nbd7 11. f4 Bd6 12. O-O Ne4 13. Nxe4 dxe4 14. Bc4 b5 15. Bb3 Bxe5 16. fxe5 c5 17.
Rxf7 Rxf7 18. e6 c4 19. exf7+ Kxf7 20. Rxc4 bxc4 21. Bxc4+ Ke8 22. Qh5+ g6 23. Qxh7 Qf6 24. Bb4 Rc8 25. Qg8+ Nf8 26. b3 Rc7 27. h3 Rg7 28. Qh8 g5 29. Bd6 Rg6 0-1

[Event "Early-Titled-Tuesday-Blitz-January-30-2024"]
[Site "Chess.com"]
[Date "2024.01.30"]
[Round "1"]
[White "zubridis"]
[Black "maurovargas01"]
[Result "1-0"]
[WhiteElo "2552"]
[BlackElo "1837"]
[TimeControl "180+1"]
[EndTime "8:06:20 PST"]
[Termination "zubridis won on time"]

1. e4 c5 2. Nf3 g6 3. c3 Bg7 4. d4 cxd4 5. cxd4 Nc6 6. d5 Ne5 7.
Nxe5 Bxe5 8. Nc3 d6 9. Be2 Bd7 10. O-O Bg7 11. Be3 Nf6 12. Qb3 b6 13. Rfc1 O-O 14.
f3 Rb8 15. Nb5 a6 16. Nd4 b5 17. Nc6 Bxc6 18. Rxc6 Ra8 19. Rac1 Nd7 20. Qa3 Ne5 21.
Rxa6 Rc8 22. b3 Rxc1+ 23. Qxc1 Qb8 24. Qd2 Rc8 25. h3 Qb7 26. Ra7 1-0

[Event "Early-Titled-Tuesday-Blitz-January-30-2024"]
[Site "Chess.com"]
[Date "2024.01.30"]
[Round "1"]
[White "LeoLV10"]
[Black "dretch"]
[Result "0-1"]
[WhiteElo "2442"]
[BlackElo "2794"]
[TimeControl "180+1"]
[EndTime "8:06:22 PST"]
[Termination "dretch won by resignation"]

1. e4 e6 2. d4 d5 3. e5 c5 4. c3 Bd7 5. Nf3 Nc6 6. a3 f6 7. Be2 fxe5 8. Nxe5 Nf6 9. O-O Bd6 10. Bf4 Qc7 11. Re1 O-O 12. Nxd7 Bxf4 13. Nxf8 Bxh2+ 14.
Kf1 Rxf8 15. Bf3 e5 16. dxe5 Nxe5 17. Bxd5+ Kh8 18. c4 Nfg4 19. f3 Qe7 20. Nc3 Qh4 21.
Ne4 Bf4 22. Ke2 Qh2 23. Rg1 Ne3 24. Qe1 Nxd5 25. cxd5 Nxf3 26. Qf2 Nxg1+ 27. Rxg1 Qh5+ 28. Kd3 Qxd5+ 29. Kc3 Be5+ 30. Kc2 Qxe4+ 31. Kc1 Rxf2 0-1

[Event "Early-Titled-Tuesday-Blitz-January-30-2024"]
[Site "Chess.com"]
[Date "2024.01.30"]
[Round "1"]
[White "YurasovMat-2012"]
[Black "WiktoriaPOL"]
[Result "1-0"]
[WhiteElo "2609"]
[BlackElo "2258"]
[TimeControl "180+1"]
[EndTime "8:06:22 PST"]
[Termination "YurasovMat-2012 won on time"]

1. e4 c5 2. Nf3 d6 3. Bb5+ Nd7 4. O-O Nf6 5. Re1 a6 6. Bxd7+ Bxd7 7. e5 dxe5 8. Nxe5 Be6 9. d3 g6 10. Qf3 Bd5 11. Qh3 Bg7 12. Bh6 Be6 13. Qh4 O-O 14. Nd2 Qd5 15. Ndf3 Bf5 16. h3 Bxh6 17. Qxh6 b5 18. Ng5 Bc8 19. Nef3 Qd6 20. Re5 Bb7 21. Rae1 Rae8 22. Qh4 Kg7 23. Nd2 h6 24. Ngf3 e6 25. Qf4 Nd7 26. Ne4 Bxe4 27. R5xe4 Qxf4 28. Rxf4 f5 29. Nd2 e5 30. Rf3 Kf6 31. Rfe3 Nb6 32. f4 Nd7 33. Nf3 Re7 34. fxe5+ 1-0

[Event "Early-Titled-Tuesday-Blitz-January-30-2024"]
[Site "Chess.com"]
[Date "2024.01.30"]
[Round "1"]
[White "hakanazeri2"]
[Black "Better_Chess_Faster"]
[Result "1-0"]
[WhiteElo "2576"]
[BlackElo "2142"]
[TimeControl "180+1"]
[EndTime "8:06:22 PST"]
[Termination "hakanazeri2 won by checkmate"]

1. Nf3 d5 2. d4 Nf6 3. c4 c6 4.
Nc3 e6 5. Bg5 dxc4 6. e4 b5 7. e5 h6 8. Bh4 g5 9. Nxg5 hxg5 10.
Bxg5 Be7 11. exf6 Bxf6 12. Bxf6 Qxf6 13. g3 Bb7 14. Bg2 Na6 15. a4 Nb4 16. O-O Nd5 17. axb5 cxb5 18. Nxb5 O-O 19. Nd6 Bc6 20. Nxc4 Rfd8 21.
Qg4+ Qg7 22. Qxg7+ Kxg7 23. Ne5 Bb5 24. Rfc1 f6 25. Ng4 a6 26. Ne3 Rab8 27. Bxd5 exd5 28. Rc7+ Kg6 29. g4 Bd3 30. h4 Rxb2 31. f4 f5 32.
gxf5+ Kh5 33. Rh7# 1-0

[Event "Early-Titled-Tuesday-Blitz-January-30-2024"]
[Site "Chess.com"]
[Date "2024.01.30"]
[Round "1"]
[White "SashaKuzhilniy"]
[Black "Al_Shima"]
[Result "0-1"]
[WhiteElo "2612"]
[BlackElo "2319"]
[TimeControl "180+1"]
[EndTime "8:06:23 PST"]
[Termination "Al_Shima won by resignation"]

1. c4 e5 2. d3 Nf6 3. Nf3 Nc6 4. Nc3 Bb4 5. Bd2 O-O 6. g3 Re8 7. Bg2 a5 8. O-O d6 9. a3 Bc5 10. Rb1 h6 11. Na4 Ba7 12. b4 axb4 13. axb4 e4 14.
dxe4 Nxe4 15. b5 Nxd2 16. Nxd2 Ne5 17. Qc2 Nd7 18. Ne4 Nb6 19. Nxb6 Bxb6 20. c5 dxc5 21. Nxc5 Qe7 22. Nxb7 Rb8 23. Bc6 Bxb7 24. Bxe8 Qxe8 25. Rfd1 Qe6 26. Rb3 Qh3 27. e4 Re8 28. Re1 f5 29. Qc4+ Kh7 30. Qf7 Rxe4 0-1

[Event "Early-Titled-Tuesday-Blitz-January-30-2024"]
[Site "Chess.com"]
[Date "2024.01.30"]
[Round "1"]
[White "Hooded_Old_Man"]
[Black "Crazy_girl99"]
[Result "0-1"]
[WhiteElo "2250"]
[BlackElo "2606"]
[TimeControl "180+1"]
[EndTime "8:06:23 PST"]
[Termination "Crazy_girl99 won by resignation"]

1. d4 Nf6 2. Nf3 e6 3. e3 d5 4. Bd3 c5 5. b3 Nc6 6. Bb2 cxd4 7. exd4 Bd6 8. O-O Qc7 9. a3 O-O 10. Nbd2 a6 11. Re1 b5 12. Ne5 Bb7 13. Qf3 Ne7 14. Qh3 Ng6 15. f3 Nf4 16. Qh4 Nxd3 17. cxd3 Qc2 18. Bc1 Rac8 19. Qf2 Rfd8 20. b4 Nd7 21. Nf1 Bxe5 22. Qxc2 Bxh2+ 23. Kxh2 Rxc2 24. Bf4 Rdc8 25. Rac1 R2c3 26. Kg1 Nb6 27. Kf2 Na4 28. Bd2 Rxc1 29.
Rxc1 Rxc1 30. Bxc1 f6 31. g4 Kf7 32. f4 h6 33. Ng3 g5 34. f5 Bc8 35. fxe6+ Bxe6 36. Kf3 Nb6 37. Nf1 f5 38. gxf5 Bxf5 39. Ke3 Nd7 40. Ng3 Kg6 41. Bd2 Nf6 42. Be1 h5 43.
Nf1 Ng4+ 44. Ke2 h4 45. Nd2 Nh2 46. Nf3 Bg4 0-1

[Event "Early-Titled-Tuesday-Blitz-January-30-2024"]
[Site "Chess.com"]
[Date "2024.01.30"]
[Round "1"]
[White "tusplingher"]
[Black "Nemegejas"]
[Result "0-1"]
[WhiteElo "2480"]
[BlackElo "2856"]
[TimeControl "180+1"]
[EndTime "8:06:24 PST"]
[Termination "Nemegejas won by checkmate"]

1. e4 c6 2. Nf3 d5 3. exd5 cxd5 4. Ne5 Nd7 5. d4 Nxe5 6. dxe5 a6 7. Bd3 e6 8. O-O Ne7 9. Qe2 Bd7 10. Nd2 Qb6 11. Nf3 Bb5 12. Bxb5+ Qxb5 13. Qxb5+ axb5 14. Nd4 b4 15. Nb5 Kd7 16. Be3 Nc6 17. f4 Ra5 18.
Nd4 Bc5 19. Rfd1 Rha8 20. Rab1 Rxa2 21. Nf5 Bxe3+ 22. Nxe3 Ke7 23. c4 bxc3 24. bxc3 R8a7 25. c4 d4 26. Ng4 Rc2 27. Nf2 Kd8 28. Ne4 Raa2 29.
Rxb7 Rxg2+ 30. Kf1 Rxh2 31. Kg1 Rag2+ 32. Kf1 Rg4 33.
Nd6 Rxf4+ 34. Kg1 Rh5 35. Ra1 Rg4+ 36. Kf2 Rh2+ 37. Kf3 Nxe5# 0-1

[Event "Early-Titled-Tuesday-Blitz-January-30-2024"]
[Site "Chess.com"]
[Date "2024.01.30"]
[Round "1"]
[White "baki83"]
[Black "Maxfan2008"]
[Result "0-1"]
[WhiteElo "2814"]
[BlackElo "2480"]
[TimeControl "180+1"]
[EndTime "8:06:24 PST"]
[Termination "Maxfan2008 won by resignation"]

1. e4 c5 2. Nf3 e6 3. c3 d5 4. e5 d4 5. d3 Nc6 6. g3 Nge7 7.
Bg2 Ng6 8. Qe2 Qc7 9. O-O Ncxe5 10. cxd4 cxd4 11. Nxe5 Qxe5 12. Be4 Be7 13. Nd2 Bd7 14. h4 O-O 15. h5 f5 16. Nc4 Qc7 17. Bg2 b5 18.
hxg6 bxc4 19. Bf4 Bd6 20. Bxd6 Qxd6 21. gxh7+ Kxh7 22. Bxa8 Rxa8 23. dxc4 Bc6 24. Rad1 e5 25. Qh5+ Kg8 26. Rfe1 Be4 27. f3 g6 28. Qh1 Bc6 29.
Rd2 d3 30. Rh2 Qd4+ 31. Kg2 e4 32. fxe4 Bxe4+ 33. Rxe4 fxe4 34. Qd1 Rf8 35. c5 Rf2+ 36. Kh1 Rxh2+ 37. Kxh2 e3 38. c6 e2 39. Qb3+ Kg7 40.
Qb7+ Kh6 41. Qe7 Qf2+ 42. Kh3 e1=Q 43. Qh4+ Kg7 0-1

[Event "Early-Titled-Tuesday-Blitz-January-30-2024"]
[Site "Chess.com"]
[Date "2024.01.30"]
[Round "1"]
[White "GatoRojo150"]
[Black "pirulillo"]
[Result "0-1"]
[WhiteElo "2591"]
[BlackElo "2269"]
[TimeControl "180+1"]
[EndTime "8:06:24 PST"]
[Termination "pirulillo won by resignation"]

1. e4 c5 2. Nf3 e6 3. Nc3 Nc6 4.
d4 cxd4 5. Nxd4 Nf6 6. Ndb5 d6 7.
Bf4 e5 8. Bg5 a6 9. Na3 b5 10.
Bxf6 gxf6 11. Nd5 Bg7 12. c3 Ne7 13. Nxe7 Qxe7 14. Nc2 f5 15. a4 fxe4 16. axb5 O-O 17. bxa6 f5 18. Bc4+ Kh8 19. O-O f4 20. Bd5 Rxa6 21.
Bxe4 Rxa1 22. Nxa1 Bb7 23. Bxb7 Qxb7 24. b4 d5 25. Nb3 e4 26. Nc5 Qc6 27. Qd2 f3 28. g3 Qc8 29. Kh1 Qh3 30. Rg1 Rf5 31. g4 Be5 32.
Rg3 Bxg3 33. fxg3 f2 34. Qd4+ Kg8 35. Ne6 f1=Q+ 0-1

[Event "Early-Titled-Tuesday-Blitz-January-30-2024"]
[Site "Chess.com"]
[Date "2024.01.30"]
[Round "1"]
[White "AlexLongson"]
[Black "Orujov2008"]
[Result "0-1"]
[WhiteElo "2396"]
[BlackElo "2731"]
[TimeControl "180+1"]
[EndTime "8:06:25 PST"]
[Termination "Orujov2008 won on time"]

1. e4 c5 2. Nf3 d6 3. Bb5+ Nd7 4. d4 cxd4 5. Qxd4 a6 6. Bxd7+ Bxd7 7. c4 e5 8. Qd3 h6 9. Nc3 Nf6 10. O-O Be7 11.
b3 O-O 12. a4 b5 13. axb5 axb5 14. Rxa8 Qxa8 15. cxb5 Rc8 16. Bb2 Qa5 17. Ra1 Qb4 18.
Nd2 Be6 19. Ra4 Qc5 20. h3 Nd7 21. Nc4 Nb6 22. Ba3 Qc7 23. Nxb6 Qxb6 24. Ra6 Qd4 25. Qxd4 exd4 26. Nd5 Bxd5 27. exd5 d3 28. Bb4 Rb8 29.
b6 Bg5 30. Kf1 d2 31. Ke2 Re8+ 0-1

[Event "Early-Titled-Tuesday-Blitz-January-30-2024"]
[Site "Chess.com"]
[Date "2024.01.30"]
[Round "1"]
[White "cthulhuuu"]
[Black "Mackster23"]
[Result "0-1"]
[WhiteElo "2352"]
[BlackElo "2670"]
[TimeControl "180+1"]
[EndTime "8:06:25 PST"]
[Termination "Mackster23 won by resignation"]

1. e4 c5 2. Nf3 d6 3. g3 Nf6 4. d3 Nc6 5. Bg2 g6 6. O-O Bg7 7. Re1 O-O 8. e5 dxe5 9. Nxe5 Nxe5 10. Rxe5 Nd7 11. Re1 e6 12. Nc3 Nb6 13. Ne4 Qc7 14.
Bf4 e5 15. Be3 f5 16. Nxc5 f4 17. Na6 bxa6 18. Bxb6 Qxb6 19. Bxa8 fxg3 20. hxg3 Qxf2+ 21. Kh1 Qxg3 22. Re2 Bg4 23. Qe1 Qxe1+ 24. Raxe1 Rxa8 25. Rf2 Bf5 26. Rg1 h5 27. Kh2 Kf7 28. Kg3 Rd8 29. Kf3 Rd4 30. Ke2 h4 31. Rf3 Bh6 32. c3 Rd6 33. Rh1 Bg5 34. Rg1 Bf6 35. Kd2 e4 0-1

[Event "Early-Titled-Tuesday-Blitz-January-30-2024"]
[Site "Chess.com"]
[Date "2024.01.30"]
[Round "1"]
[White "SmirnovAlexandrA"]
[Black "Louis-Paulsen-Fan"]
[Result "1-0"]
[WhiteElo "2606"]
[BlackElo "2249"]
[TimeControl "180+1"]
[EndTime "8:06:25 PST"]
[Termination "SmirnovAlexandrA won by resignation"]

1. e4 Nf6 2. Nc3 e5 3. d4 exd4 4. Qxd4 Nc6 5. Qe3 d6 6. Bd2 Be7 7. O-O-O O-O 8. Qg3 Kh8 9. h4 Nh5 10. Qh2 Ne5 11. f3 c6 12. g4 Nf6 13. h5 b5 14. g5 Nfd7 15. g6 h6 16. f4 Nc4 17.
Bxc4 bxc4 18. Nge2 Bf6 19. Be3 Qe7 20. Nd4 Bb7 21.
Nf5 Qd8 22. Rxd6 Bxc3 23. bxc3 Qa5 24. Bd4 f6 25. Rxd7 c5 26. Rxb7 cxd4 27. Rxg7 Rfd8 28.
Rh7+ Kg8 29. Nxh6+ Kf8 30. g7+ Ke7 31. g8=Q+ Kd6 32. Qd5+ 1-0

[Event "Early-Titled-Tuesday-Blitz-January-30-2024"]
[Site "Chess.com"]
[Date "2024.01.30"]
[Round "1"]
[White "Sanan_Sjugirov"]
[Black "only_strong_moves"]
[Result "1-0"]
[WhiteElo "3003"]
[BlackElo "2531"]
[TimeControl "180+1"]
[EndTime "8:06:29 PST"]
[Termination "Sanan_Sjugirov won by resignation"]

1. e4 c5 2. Nf3 Nc6 3. Bb5 g6 4.
O-O Bg7 5. Re1 Nf6 6. Bxc6 dxc6 7. d3 Nd7 8. e5 Nf8 9. h3 Ne6 10. Nbd2 Qc7 11. b3 O-O 12. Bb2 b6 13. a4 a5 14.
Qe2 Nf4 15. Qe4 Nd5 16. Qh4 h6 17. Qg3 Bf5 18. Nc4 b5 19. Ne3 Nxe3 20. Rxe3 Rad8 21. Qf4 Be6 22. Rae1 Bd5 23. Nh2 f5 24. h4 Be6 25.
Rg3 Kh7 26. Nf3 Bd5 27. h5 g5 28. Nxg5+ hxg5 29. Qxg5 Rf7 30. e6 Bxb2 31. exf7 Bxf7 32. Qxf5+ 1-0

[Event "Early-Titled-Tuesday-Blitz-January-30-2024"]
[Site "Chess.com"]
[Date "2024.01.30"]
[Round "1"]
[White "mitrabhaa"]
[Black "sjoerd893"]
[Result "1-0"]
[WhiteElo "2905"]
[BlackElo "2502"]
[TimeControl "180+1"]
[EndTime "8:06:30 PST"]
[Termination "mitrabhaa won by checkmate"]

1. d4 d5 2. Nf3 Nf6 3. Bf4 c5 4. e3 Nc6 5. c3 Qb6 6. Qc2 Bg4 7. Nbd2 e6 8. Qb3 c4 9. Qc2 Bf5 10. Qc1 h6 11. Be2 Nh5 12. Be5 Nxe5 13. dxe5 g5 14. b3 cxb3 15. axb3 a6 16. Nd4 Bg6 17. Bb5+ Kd8 18.
Be2 Rc8 19. O-O Ng7 20. c4 Nf5 21. Nxf5 Bxf5 22. Nf3 Bb4 23. Qd1 Ke7 24. cxd5 exd5 25. Nd4 Be6 26. Bg4 Bc3 27. Ra4 Bxd4 28. Rxd4 Rhd8 29.
Bxe6 Qxe6 30. f4 Rd7 31. Kh1 Rcd8 32. h3 b5 33. Qf3 gxf4 34. exf4 Qf5 35. g4 Qc2 36. Rf2 Qb1+ 37. Kg2 a5 38. f5 Kf8 39.
Qf4 Kg7 40. e6 Rb7 41. f6+ Kh7 42. e7 Re8 43. Rxd5 Qxb3 44. Rh5 Qd3 45. Qxh6+ Kg8 46.
Qg7# 1-0

[Event "Early-Titled-Tuesday-Blitz-January-30-2024"]
[Site "Chess.com"]
[Date "2024.01.30"]
[Round "1"]
[White "Dinosaurio_1975"]
[Black "Sofia_Blokhin"]
[Result "1-0"]
[WhiteElo "2608"]
[BlackElo "2255"]
[TimeControl "180+1"]
[EndTime "8:06:30 PST"]
[Termination "Dinosaurio_1975 won on time"]

1. Nf3 g6 2. e4 c5 3. d4 Bg7 4. dxc5 Qa5+ 5. c3 Qxc5 6. Na3 a6 7. Nc4 b5 8. Be3 Qc7 9. Nb6 Bb7 10. Nxa8 Bxa8 11. Bd3 Nf6 12. Qc2 Nc6 13. O-O O-O 14. Rfe1 Ng4 15. h3 Nxe3 16. Rxe3 Qf4 17. Rd1 Rc8 18.
Qb3 Na5 19. Qa3 Nc4 20. Bxc4 bxc4 21. Qxe7 Bc6 22. g3 Qc7 23. Ng5 Rf8 24. Qd6 Qd8 25.
h4 Bh6 26. Qc5 Qf6 27. Rf3 Qg7 28. Qxc4 Kh8 29. Nxf7+ 1-0

[Event "Early-Titled-Tuesday-Blitz-January-30-2024"]
[Site "Chess.com"]
[Date "2024.01.30"]
[Round "1"]
[White "DonJuanEGenaro"]
[Black "jaskol95"]
[Result "0-1"]
[WhiteElo "1976"]
[BlackElo "2560"]
[TimeControl "180+1"]
[EndTime "8:06:30 PST"]
[Termination "jaskol95 won by resignation"]

1. c4 d6 2. Nc3 e5 3. e3 g6 4. d4 Nd7 5. Nf3 Bg7 6. h4 Ngf6 7. Bd3 c6 8. Bc2 Qe7 9. Qe2 exd4 10. exd4 Qxe2+ 11. Kxe2 O-O 12. Bg5 h6 13. Bf4 d5 14. cxd5 Nxd5 15.
Nxd5 cxd5 16. Bb3 Nb6 17. Bc7 Bg4 18. Rhd1 Nc4 19. Bxc4 dxc4 20. Rac1 b5 21. a4 Rac8 22. Bd6 Rfe8+ 23. Kf1 a6 24. axb5 axb5 25. Re1 Bxf3 26. Rxe8+ Rxe8 27. gxf3 Bxd4 28. Rc2 h5 29. Kg2 Bf6 30.
Bf4 Bxh4 31. b3 Rc8 32. bxc4 bxc4 33. Be5 Be7 34. Bc3 f6 35. f4 Kf7 36. Kf3 f5 37. Ra2 Rb8 38. Ra4 Rb3 39. Rxc4 Bf6 40. Rc7+ Ke8 0-1

[Event "Early-Titled-Tuesday-Blitz-January-30-2024"]
[Site "Chess.com"]
[Date "2024.01.30"]
[Round "1"]
[White "Grossboss19"]
[Black "LuisFSiles"]
[Result "1-0"]
[WhiteElo "2597"]
[BlackElo "2225"]
[TimeControl "180+1"]
[EndTime "8:06:33 PST"]
[Termination "Grossboss19 won by checkmate"]

1. c4 Nf6 2. Nc3 g6 3. g3 Bg7 4.
Bg2 O-O 5. e3 c5 6. Nge2 d6 7.
O-O Bg4 8. Bxb7 Nbd7 9. Bg2 Ne5 10. f3 Bf5 11. e4 Bd7 12. d3 Rb8 13. b3 Qc8 14.
Be3 Bh3 15. Qd2 h5 16. Rae1 h4 17. Nf4 Bxg2 18. Kxg2 g5 19. Nfd5 h3+ 20. Kh1 g4 21. Nxf6+ Bxf6 22. fxg4 Qxg4 23. Nd5 Nd7 24. Rf4 Qg6 25.
Ref1 Rfe8 26. Qe2 Bg7 27. Rg4 Qe6 28. Rf5 Ne5 29. Rh4 Ng6 30. Rhh5 a5 31. Nf4 Qd7 32. Rfg5 Ne5 33. Rh4 a4 34. Qh5 Ng6 35. Qh7+ Kf8 36. Nxg6+ fxg6 37. Rf4+ Bf6 38. Rxg6 Qe6 39. Rfxf6+ Qxf6 40. Rxf6+ exf6 41. Bh6# 1-0

[Event "Early-Titled-Tuesday-Blitz-January-30-2024"]
[Site "Chess.com"]
[Date "2024.01.30"]
[Round "1"]
[White "MetiForce"]
[Black "Talent-OF-Slovenia"]
[Result "1-0"]
[WhiteElo "2853"]
[BlackElo "2473"]
[TimeControl "180+1"]
[EndTime "8:06:34 PST"]
[Termination "MetiForce won by resignation"]

1. Nf3 d5 2. e3 c6 3. d4 Nf6 4. Bd3 g6 5. O-O Bg7 6. Nbd2 O-O 7. b3 Nbd7 8. Bb2 Re8 9. Ne5 Qc7 10. f4 a5 11. Qf3 a4 12. h4 a3 13. Bc3 b5 14.
Rac1 Qd6 15. Nb1 b4 16. Be1 Nb6 17. g4 h5 18. f5 hxg4 19. Nxg4 Nxg4 20. Qxg4 e5 21.
fxe6 Bxe6 22. Qg3 Qe7 23. Nd2 c5 24. dxc5 Qxc5 25. Bf2 Qc3 26. Nf3 Rac8 27. Nd4 Qb2 28. Ra1 Qc3 29. Kh1 Bxd4 30. exd4 Bf5 31. h5 Bxd3 32.
cxd3 Re6 33. Rae1 Rce8 34. hxg6 fxg6 35. Qg4 Rxe1 36. Qxg6+ Kh8 37. Bxe1 Rxe1 38. Qh5+ Kg8 39. Qg4+ Kh8 40. Qh4+ Kg8 41. Rxe1 Qxd4 42. Qxd4 1-0

[Event "Early-Titled-Tuesday-Blitz-January-30-2024"]
[Site "Chess.com"]
[Date "2024.01.30"]
[Round "1"]
[White "Veleamater"]
[Black "Gennady_Kozlov"]
[Result "1-0"]
[WhiteElo "2326"]
[BlackElo "2622"]
[TimeControl "180+1"]
[EndTime "8:06:34 PST"]
[Termination "Veleamater won by resignation"]

1. g3 d5 2. Bg2 c6 3. d3 Bf5 4. Nf3 h6 5. O-O Nf6 6. Nc3 e6 7.
h3 Be7 8. Nd4 Bh7 9. e4 dxe4 10.
dxe4 O-O 11. Be3 Nbd7 12. Nb3 Nb6 13. Qe2 Qc7 14. f4 Rfd8 15. a3 c5 16. g4 c4 17.
Nd2 Bc5 18. Kh1 Bxe3 19. Qxe3 Rd7 20. Rf2 Rad8 21. Nf3 a6 22. Rg1 Nc8 23. Ne5 Re7 24. Qg3 Nd6 25. Re1 h5 26. g5 Nfe8 27. Qh4 g6 28.
Bf3 Ng7 29. Rfe2 b5 30. Qf2 a5 31. Nd1 b4 32. axb4 axb4 33. Ne3 Kf8 34. b3 cxb3 35.
cxb3 Nb5 36. N3c4 Nc3 37. Rd2 Ne8 38. Rd4 f6 39. gxf6 Nxf6 40. Bg2 Ree8 41. Rxd8 Rxd8 42. f5 exf5 43. exf5 gxf5 44. Qh4 Qg7 45. Rg1 Bg8 46. Bd5 Bxd5+ 47. Kh2 Qg6 48. Rxg6 1-0

[Event "Early-Titled-Tuesday-Blitz-January-30-2024"]
[Site "Chess.com"]
[Date "2024.01.30"]
[Round "1"]
[White "verrbaa"]
[Black "mbojan"]
[Result "0-1"]
[WhiteElo "2486"]
[BlackElo "2871"]
[TimeControl "180+1"]
[EndTime "8:06:36 PST"]
[Termination "mbojan won on time"]

1. e4 g6 2. d4 Nf6 3. Nc3 d5 4. exd5 Nxd5 5. Nxd5 Qxd5 6. Nf3 Bg7 7. Be2 O-O 8. h3 c5 9. dxc5 Qxc5 10. c3 Nc6 11. O-O Be6 12. Be3 Qa5 13. b4 Qa3 14. Nd4 Nxd4 15. Bxd4 Rfd8 16. Rb1 Rac8 17. Qd2 Bxd4 18. cxd4 Qxa2 19. Rb2 Qd5 20. Rd1 Qd7 21. b5 Bd5 22. Bf1 b6 23. Ra1 Rc7 24. Qf4 Rdc8 25. h4 Qf5 26. Qxf5 gxf5 27. Rb4 Rc1 28. Rxc1 Rxc1 29.
f3 e6 30. Kf2 f4 31. Ra4 Rc7 32. Kg1 Kg7 33. Kh2 h6 34. g3 fxg3+ 35. Kxg3 Kf6 36. Kf4 Rc3 37. Be2 Rc2 38. Ke3 Rc7 39. Kf4 Ke7 40. Bd3 Rd7 41. Ke3 Kf6 42. Kf4 Rc7 43. Ke3 Rc3 44.
Ke2 Bxf3+ 45. Kd2 Rb3 46. Rxa7 Rb2+ 47. Kc3 Rh2 48. Ra6 Rh3 49. Rxb6 Be4 50. Kc2 Bxd3+ 51. Kd2 Be4 52. Rb8 Rxh4 53. b6 Bd5 54. Rc8 Rxd4+ 55.
Ke3 Rb4 0-1

[Event "Early-Titled-Tuesday-Blitz-January-30-2024"]
[Site "Chess.com"]
[Date "2024.01.30"]
[Round "1"]
[White "Zohid6"]
[Black "Actuary44"]
[Result "1-0"]
[WhiteElo "2869"]
[BlackElo "2484"]
[TimeControl "180+1"]
[EndTime "8:06:37 PST"]
[Termination "Zohid6 won by checkmate"]

1. e4 b6 2. d4 Bb7 3. Nc3 e6 4. a3 Nf6 5. Bd3 d5 6. e5 Nfd7 7. Nce2 c5 8. c3 Nc6 9. Nf3 Qc7 10. O-O h6 11. Nf4 O-O-O 12. b4 c4 13. Bc2 Re8 14. a4 f5 15. Ng6 Rg8 16. Nfh4 Be7 17. Qh5 Bxb4 18.
cxb4 Nxd4 19. Bd1 c3 20. Nf3 Nxf3+ 21. Bxf3 Nxe5 22. Bf4 Nxf3+ 23. gxf3 Qc4 24. Be5 d4 25. Rfd1 d3 26. Bxc3 Kb8 27. Be5+ Ka8 28. Rac1 Qxb4 29. Rxd3 Qxa4 30. Rdc3 Rd8 31. Kg2 Qg4+ 32. Qxg4 fxg4 33.
Kg3 gxf3 34. Rc7 Rc8 35. Ne7 Rxc7 36. Rxc7 Re8 37. Bxg7 a5 38. Bd4 Ka7 39. Nc6+ Ka6 40. Ne5 a4 41. Nc4 b5 42. Nd6 Rg8+ 43. Kf4 Rf8+ 44.
Ke5 Rb8 45. Bc5 Ka5 46. Nxb7+ Ka6 47. Nd6 b4 48. Ra7# 1-0